| TOP OF THE 1ST |
|
Toledo Mud Hens batting - Pitching for Pawtucket Red Sox : RHP Justin Stinson
|
|
Pitching: RHP Justin Stinson
|
|
|
Batting: SHB Raul Morales
|
0-0: Ball 1-0: Fly out, F5 (Popup, 15, EV 71.3 MPH)
|
|
Batting: RHB Paul Wood
|
0-0: Foul Ball, location: 2F 0-1: Ball 1-1: Ball 2-1: Ball 3-1: Base on Balls
|
|
Batting: RHB Brady Jeleniewski
|
0-0: Ball 1-0: Called Strike 1-1: Called Strike Paul Wood steals 2nd base 1-2: Ball 2-2: Strikes out looking
|
|
Batting: RHB Tim Borden
|
0-0: Foul Ball, location: 2F 0-1: Ball 1-1: Swinging Strike 1-2: Strikes out swinging
|
| Top of the 1st over - 0 runs, 0 hits, 0 errors, 1 left on base; Toledo 0 - Pawtucket 0 |
| BOTTOM OF THE 1ST |
|
Pawtucket Red Sox batting - Pitching for Toledo Mud Hens : RHP Joe Bradford
|
|
Pitching: RHP Joe Bradford
|
|
|
Batting: LHB Shoichi Aso
|
0-0: SINGLE (Groundball, 5S, EV 67.5 MPH) (infield hit)
|
|
Batting: RHB Scott Treider
|
0-0: Called Strike Shoichi Aso steals 2nd base (no throw) 0-1: Ball 1-1: Ball 2-1: Foul Ball, location: 2F 2-2: Ground out 4-3 (Groundball, 4M, EV 76.3 MPH) Shoichi Aso to third
|
|
Batting: SHB Marvin Lawrence
|
0-0: Ball 1-0: Called Strike 1-1: Ball 2-1: Called Strike 2-2: Hit by Pitch
|
|
Batting: RHB Marty King
|
0-0: Fielders Choice at 2nd, 6-4 (Groundball, 6, EV 90.0 MPH) Shoichi Aso scores
|
|
Batting: SHB Ben Ervin
|
0-0: Ball 1-0: Called Strike 1-1: Swinging Strike 1-2: Fly out, F8 (Flyball, 8LD, EV 99.4 MPH)
|
| Bottom of the 1st over - 1 run, 1 hit, 0 errors, 1 left on base; Toledo 0 - Pawtucket 1 |
| TOP OF THE 2ND |
|
Toledo Mud Hens batting - Pitching for Pawtucket Red Sox : RHP Justin Stinson
|
|
Batting: SHB Jamie Roberts
|
0-0: Ball 1-0: Called Strike 1-1: Foul Ball, location: 2F 1-2: Ball 2-2: Strikes out swinging
|
|
Batting: RHB Zach Koblinski
|
0-0: Swinging Strike 0-1: Swinging Strike 0-2: Ball 1-2: Ball 2-2: Strikes out swinging
|
|
Batting: RHB Casey Knutson
|
0-0: Ball 1-0: Fly out, F8 (Flyball, 89M, EV 86.3 MPH)
|
| Top of the 2nd over - 0 runs, 0 hits, 0 errors, 0 left on base; Toledo 0 - Pawtucket 1 |
| BOTTOM OF THE 2ND |
|
Pawtucket Red Sox batting - Pitching for Toledo Mud Hens : RHP Joe Bradford
|
|
Batting: LHB Mike Mentzer
|
0-0: Ball 1-0: Foul Ball, location: 2F 1-1: Foul Ball, location: 2F 1-2: Ground out U3 (Groundball, 34S, EV 85.0 MPH)
|
|
Batting: RHB Mike Quackenbush
|
0-0: Ball 1-0: Ball 2-0: Ground out 5-3 (Groundball, 56, EV 98.1 MPH)
|
|
Batting: RHB Garry Hash
|
0-0: Ball 1-0: Ball 2-0: Ball 3-0: Called Strike 3-1: Foul Ball, location: 2F 3-2: Base on Balls
|
|
Batting: SHB Gus Cruz
|
0-0: Ball Garry Hash steals 2nd base 1-0: Ground out U3 (Groundball, 3L, EV 110.6 MPH)
|
| Bottom of the 2nd over - 0 runs, 0 hits, 0 errors, 1 left on base; Toledo 0 - Pawtucket 1 |
| TOP OF THE 3RD |
|
Toledo Mud Hens batting - Pitching for Pawtucket Red Sox : RHP Justin Stinson
|
|
Batting: LHB Adam Lancaster
|
0-0: Called Strike 0-1: Swinging Strike 0-2: Strikes out swinging, 2-3 out at first.
|
|
Batting: RHB Ken DiFerdinando
|
0-0: Swinging Strike 0-1: Swinging Strike 0-2: Strikes out looking
|
|
Batting: SHB Raul Morales
|
0-0: Called Strike 0-1: Swinging Strike 0-2: Ground out 4-3 (Groundball, 4, EV 83.8 MPH)
|
| Top of the 3rd over - 0 runs, 0 hits, 0 errors, 0 left on base; Toledo 0 - Pawtucket 1 |
| BOTTOM OF THE 3RD |
|
Pawtucket Red Sox batting - Pitching for Toledo Mud Hens : RHP Joe Bradford
|
|
Batting: LHB Shoichi Aso
|
0-0: Swinging Strike 0-1: Ball 1-1: Swinging Strike 1-2: Fly out, F8 (Flyball, 8LD, EV 100.0 MPH)
|
|
Batting: RHB Scott Treider
|
0-0: Ball 1-0: Ball 2-0: Ball 3-0: Called Strike 3-1: Foul Ball, location: 2F 3-2: Base on Balls
|
|
Batting: SHB Marvin Lawrence
|
0-0: Grounds into double play, 4-6-3 (Groundball, 4M, EV 103.8 MPH)
|
| Bottom of the 3rd over - 0 runs, 0 hits, 0 errors, 0 left on base; Toledo 0 - Pawtucket 1 |
| TOP OF THE 4TH |
|
Toledo Mud Hens batting - Pitching for Pawtucket Red Sox : RHP Justin Stinson
|
|
Batting: RHB Paul Wood
|
0-0: Swinging Strike 0-1: Swinging Strike 0-2: Foul Ball, location: 2F 0-2: Strikes out swinging
|
|
Batting: RHB Brady Jeleniewski
|
0-0: Called Strike 0-1: Foul Ball, location: 2F 0-2: Ball 1-2: Strikes out swinging
|
|
Batting: RHB Tim Borden
|
0-0: Ball 1-0: DOUBLE (Groundball, 5L, EV 95.0 MPH)
|
|
Batting: SHB Jamie Roberts
|
0-0: Ball 1-0: Fly out, F7 (Flyball, 7S, EV 81.9 MPH)
|
| Top of the 4th over - 0 runs, 1 hit, 0 errors, 1 left on base; Toledo 0 - Pawtucket 1 |
| BOTTOM OF THE 4TH |
|
Pawtucket Red Sox batting - Pitching for Toledo Mud Hens : RHP Joe Bradford
|
|
Batting: RHB Marty King
|
0-0: Called Strike 0-1: Ball 1-1: Called Strike 1-2: Ball 2-2: Strikes out swinging
|
|
Batting: SHB Ben Ervin
|
0-0: Ball 1-0: Swinging Strike 1-1: Ball 2-1: Called Strike 2-2: Ball 3-2: Foul Ball, location: 2F 3-2: Base on Balls
|
|
Batting: LHB Mike Mentzer
|
0-0: Ball 1-0: Ball Ben Ervin steals 2nd base 2-0: Fly out, F8 (Line Drive, 8LD, EV 86.9 MPH)
|
|
Batting: RHB Mike Quackenbush
|
0-0: Ball 1-0: Called Strike 1-1: Foul Ball, location: 2F 1-2: SINGLE (Groundball, 4M, EV 88.1 MPH) (infield hit) Ben Ervin to third
|
|
Batting: RHB Garry Hash
|
0-0: Ball 1-0: Fly out, F8 (Flyball, 78D, EV 88.8 MPH)
|
| Bottom of the 4th over - 0 runs, 1 hit, 0 errors, 2 left on base; Toledo 0 - Pawtucket 1 |
| TOP OF THE 5TH |
|
Toledo Mud Hens batting - Pitching for Pawtucket Red Sox : RHP Justin Stinson
|
|
Batting: RHB Zach Koblinski
|
0-0: Called Strike 0-1: Ball 1-1: Ball 2-1: Ball 3-1: Swinging Strike 3-2: Strikes out swinging
|
|
Batting: RHB Casey Knutson
|
0-0: Ball 1-0: Ball 2-0: Foul Ball, location: 2F 2-1: Ball 3-1: Called Strike 3-2: Base on Balls
|
|
Batting: LHB Adam Lancaster
|
0-0: SINGLE (Line Drive, 3D, EV 101.9 MPH) Casey Knutson to second
|
|
Batting: RHB Ken DiFerdinando
|
0-0: Ball 1-0: Called Strike 1-1: Fly out, F6 (Flyball, 56D, EV 94.4 MPH)
|
|
Batting: SHB Raul Morales
|
0-0: Ball 1-0: Foul Ball, location: 2F 1-1: Ball 2-1: Ball Wild Pitch! Casey Knutson to third Adam Lancaster to second 3-1: Ground out 1-3 (Groundball, 34S, EV 68.1 MPH)
|
| Top of the 5th over - 0 runs, 1 hit, 0 errors, 2 left on base; Toledo 0 - Pawtucket 1 |
| BOTTOM OF THE 5TH |
|
Pawtucket Red Sox batting - Pitching for Toledo Mud Hens : RHP Joe Bradford
|
|
Batting: SHB Gus Cruz
|
0-0: Ball 1-0: Swinging Strike 1-1: Swinging Strike 1-2: Ball 2-2: Strikes out swinging
|
|
Batting: LHB Shoichi Aso
|
0-0: Ball 1-0: Called Strike 1-1: Swinging Strike 1-2: Foul Ball, location: 2F 1-2: Foul Ball, location: 2F 1-2: Strikes out swinging, 2-3 out at first.
|
|
Batting: RHB Scott Treider
|
0-0: Ball 1-0: Fly out, F9 (Flyball, 89M, EV 96.9 MPH)
|
| Bottom of the 5th over - 0 runs, 0 hits, 0 errors, 0 left on base; Toledo 0 - Pawtucket 1 |
| TOP OF THE 6TH |
|
Toledo Mud Hens batting - Pitching for Pawtucket Red Sox : RHP Justin Stinson
|
|
Batting: RHB Paul Wood
|
0-0: Called Strike 0-1: Ball 1-1: Ball 2-1: Swinging Strike 2-2: Foul Ball, location: 2F 2-2: Strikes out swinging
|
|
Batting: RHB Brady Jeleniewski
|
0-0: Ground out 6-3 (Groundball, 6, EV 94.4 MPH)
|
|
Batting: RHB Tim Borden
|
0-0: Ball 1-0: SINGLE (Groundball, 5D, EV 99.4 MPH)
|
|
Batting: SHB Jamie Roberts
|
0-0: Ball 1-0: Fly out, F9 (Flyball, 9, EV 93.8 MPH)
|
| Top of the 6th over - 0 runs, 1 hit, 0 errors, 1 left on base; Toledo 0 - Pawtucket 1 |
| BOTTOM OF THE 6TH |
|
Pawtucket Red Sox batting - Pitching for Toledo Mud Hens : RHP Joe Bradford
|
|
Batting: SHB Marvin Lawrence
|
0-0: Ball 1-0: Ball 2-0: Ball 3-0: Foul Ball, location: 2F 3-1: SINGLE (Groundball, 56D, EV 104.4 MPH)
|
|
Batting: RHB Marty King
|
0-0: Fly out, F9 (Flyball, 9D, EV 103.1 MPH)
|
|
Batting: SHB Ben Ervin
|
0-0: Ball 1-0: Swinging Strike 1-1: Ball 2-1: Ball 3-1: Called Strike 3-2: Foul Ball, location: 2F 3-2: Foul Ball, location: 2F 3-2: Strikes out swinging
|
|
Batting: LHB Mike Mentzer
|
0-0: Ball 1-0: Ball 2-0: Called Strike 2-1: Swinging Strike 2-2: Ball 3-2: Foul Ball, location: 2F 3-2: Base on Balls Marvin Lawrence to second
|
|
Pitching: RHP Alexis Priego
|
|
|
Pinch Runner at 2nd Blake Sams:
|
|
|
Batting: RHB Mike Quackenbush
|
0-0: Ball 1-0: Foul Ball, location: 2F 1-1: Foul Ball, location: 2F 1-2: DOUBLE (Line Drive, 7LM, EV 94.4 MPH) Blake Sams scores Mike Mentzer to third Runner from 3rd tries for Home, SAFE, no throw by LF
|
|
Batting: RHB Garry Hash
|
0-0: Ball 1-0: Ball 2-0: Ball 3-0: Called Strike 3-1: Foul Ball, location: 2F 3-2: Foul Ball, location: 2F 3-2: Strikes out swinging
|
| Bottom of the 6th over - 2 runs, 2 hits, 0 errors, 1 left on base; Toledo 0 - Pawtucket 3 |
| TOP OF THE 7TH |
|
Toledo Mud Hens batting - Pitching for Pawtucket Red Sox : RHP Justin Stinson
|
|
Now in LF: Blake Sams
|
|
|
Batting: RHB Zach Koblinski
|
0-0: Ball 1-0: Ball 2-0: Swinging Strike 2-1: Foul Ball, location: 2F 2-2: Strikes out looking
|
|
Batting: RHB Casey Knutson
|
0-0: Ball 1-0: Ball 2-0: Called Strike 2-1: Ball 3-1: Foul Ball, location: 2F 3-2: Strikes out swinging
|
|
Batting: LHB Adam Lancaster
|
0-0: Fly out, F6 (Popup, P, EV 90.0 MPH)
|
| Top of the 7th over - 0 runs, 0 hits, 0 errors, 0 left on base; Toledo 0 - Pawtucket 3 |
| BOTTOM OF THE 7TH |
|
Pawtucket Red Sox batting - Pitching for Toledo Mud Hens : RHP Alexis Priego
|
|
Batting: SHB Gus Cruz
|
0-0: Ball 1-0: Foul Ball, location: 2F 1-1: Ball 2-1: Ball 3-1: Base on Balls
|
|
Batting: LHB Shoichi Aso
|
0-0: Sac Bunt to 23 - play at first, batter OUT! 3-4 Gus Cruz to second
|
|
Batting: RHB Scott Treider
|
0-0: Intentional Walk
|
|
Batting: LHB Blake Sams
|
0-0: Called Strike 0-1: Ball 1-1: Ball 2-1: Swinging Strike 2-2: Ball 3-2: Fielders Choice at 2nd, 2-6 (Groundball, 2R, EV 67.5 MPH) Gus Cruz to third
|
|
Batting: RHB Marty King
|
0-0: Called Strike 0-1: Ball 1-1: SINGLE (Flyball, 89S, EV 93.8 MPH) Gus Cruz scores Blake Sams to second Runner from 2nd tries for 3rd, SAFE, throw by CF made to third
|
|
Batting: SHB Ben Ervin
|
0-0: Foul Ball, location: 2F 0-1: Ball 1-1: Ball 2-1: Ball 3-1: Base on Balls Marty King to second
|
|
Batting: LHB Mike Mentzer
|
0-0: Ball 1-0: Fly out, F8 (Flyball, 8RM, EV 84.4 MPH)
|
| Bottom of the 7th over - 1 run, 1 hit, 0 errors, 3 left on base; Toledo 0 - Pawtucket 4 |
| TOP OF THE 8TH |
|
Toledo Mud Hens batting - Pitching for Pawtucket Red Sox : RHP Justin Stinson
|
|
Batting: RHB Ken DiFerdinando
|
0-0: Ball 1-0: Ball 2-0: Swinging Strike 2-1: Foul Ball, location: 2F 2-2: Ground out 6-3 (Groundball, 6M, EV 104.4 MPH)
|
|
Batting: SHB Raul Morales
|
0-0: Ball 1-0: Called Strike 1-1: Ball 2-1: Ball 3-1: Base on Balls
|
|
Pitching: LHP Ken Intagliata
|
|
|
Batting: RHB Paul Wood
|
0-0: Ball 1-0: Grounds into double play, 4-6-3 (Groundball, 4, EV 82.5 MPH)
|
| Top of the 8th over - 0 runs, 0 hits, 0 errors, 0 left on base; Toledo 0 - Pawtucket 4 |
| BOTTOM OF THE 8TH |
|
Pawtucket Red Sox batting - Pitching for Toledo Mud Hens : RHP Alexis Priego
|
|
Pitching: RHP Ken Howington
|
|
|
Batting: RHB Mike Quackenbush
|
0-0: Ball 1-0: Called Strike 1-1: Foul Ball, location: 2F 1-2: Ground out 3-1 (Groundball, 13, EV 86.3 MPH)
|
|
Batting: RHB Garry Hash
|
0-0: Called Strike 0-1: Ball 1-1: Ball 2-1: Called Strike 2-2: Foul Ball, location: 2F 2-2: Ball 3-2: Base on Balls
|
|
Batting: SHB Gus Cruz
|
0-0: Called Strike 0-1: Fielders Choice at 2nd, 4-6 (Groundball, 34, EV 81.9 MPH)
|
|
Batting: LHB Shoichi Aso
|
0-0: Ball 1-0: Ball Wild Pitch! Gus Cruz to second 2-0: Ground out U3 (Groundball, 34, EV 105.6 MPH)
|
| Bottom of the 8th over - 0 runs, 0 hits, 0 errors, 1 left on base; Toledo 0 - Pawtucket 4 |
| TOP OF THE 9TH |
|
Toledo Mud Hens batting - Pitching for Pawtucket Red Sox : LHP Ken Intagliata
|
|
Batting: RHB Brady Jeleniewski
|
0-0: Ball 1-0: Ball 2-0: Ball 3-0: Called Strike 3-1: Fly out, F8 (Line Drive, 8RM, EV 98.8 MPH)
|
|
Batting: RHB Tim Borden
|
0-0: Called Strike 0-1: Ball 1-1: Ground out 4-3 (Groundball, 6, EV 91.3 MPH)
|
|
Batting: SHB Jamie Roberts
|
0-0: Called Strike 0-1: Called Strike 0-2: Ball 1-2: Strikes out looking
|
| Top of the 9th over - 0 runs, 0 hits, 0 errors, 0 left on base; Toledo 0 - Pawtucket 4 |
|